 Dungeon Crawl Stone Soup version 0.27-a0-74-gebd156f8b4 (webtiles) character file.

Game seed: 8833620780803423527

5538 kae the Martial Artist (level 10, -2/79 HPs)
             Began as an Octopode Transmuter on Jan 11, 2021.
             Was a Follower of Wu Jian.
             Slain by a two-headed ogre
             ... wielding a +0 giant spiked club
              (12 damage)
             ... on level 9 of the Dungeon.
             The game lasted 00:14:43 (13527 turns).

kae the Martial Artist (Octopode Transmuter)       Turns: 13527, Time: 00:14:44

Health: -2/79      AC:  6    Str: 12    XL:     10   Next: 71%
Magic:  0/17       EV: 12    Int: 16    God:    Wu Jian [*.....]
Gold:   663        SH:  0    Dex: 13    Spells: 6/19 levels left

rFire    . . .     SeeInvis .     - Unarmed
rCold    + + +     Faith    .   (shield currently unavailable)
rNeg     . . .     Spirit   +   (helmet currently unavailable)
rPois    +         Reflect  .   a - amulet of guardian spirit
rElec    .         Harm     .   o - ring of attention (curse)
rCorr    .         Rampage  .   s - ring of protection from fire
Will     .....                  q - ring of flight
Stlth    ..........             (no ring)
HPRegen  0.23/turn              (no ring)
MPRegen  0.15/turn              (no ring)
                                (no ring)
                                (no ring)

@: ice-form
A: large, almost no armour, stealthy swim, amphibious, 8 rings, (constrict 8)
a: End Transformation, Renounce Religion, Evoke Flight


You were on level 9 of the Dungeon.
You worshipped Wu Jian.
Wu Jian was aware of your devotion.
You were a creature of crystalline ice.
You visited 2 branches of the dungeon, and saw 10 of its levels.

You collected 691 gold pieces.
You spent 28 gold pieces at shops.

Inventory:

Jewellery
 a - an amulet of guardian spirit (around neck)
 e - an uncursed ring of fire
 o - a cursed ring of attention (left front paw)
 q - a ring of flight (on tentacle)
 s - a ring of protection from fire (right front paw)
 y - an uncursed amulet of the acrobat
 G - an uncursed ring of magical power {unknown}
Wands
 f - a wand of paralysis (16)
 m - a wand of polymorph (6)
 u - a wand of random effects (19)
 v - a wand of enslavement (7)
 x - a wand of flame (14)
Scrolls
 b - 3 scrolls of remove curse
 g - 2 scrolls of enchant weapon
 p - 4 scrolls of teleportation
 t - 4 scrolls of amnesia
 B - a scroll of enchant armour
 D - 2 scrolls of fear
 F - a scroll of identify
Potions
 c - a potion of cancellation
 d - 3 potions of brilliance
 h - 4 potions of flight
 i - 2 potions of might
 j - a potion of haste
 k - a potion of magic {unknown}
 l - a potion of ambrosia {unknown}
 n - a potion of attraction {unknown}
 r - a potion of mutation {unknown}
 w - a potion of curing
 z - 2 potions of invisibility {unknown}
 A - a potion of degeneration
 C - a potion of heal wounds {unknown}
Miscellaneous
 E - a lightning rod (4/4)


   Skills:
 + Level 5.0 Fighting
 + Level 5.4 Dodging
 - Level 10.0 Unarmed Combat
 - Level 5.0 Spellcasting
 - Level 7.0 Transmutations
 - Level 5.0 Ice Magic
 - Level 3.0 Poison Magic


You had 6 spell levels left.
You knew the following spells:

 Your Spells              Type           Power        Failure   Level
a - Beastly Appendage     Tmut           52%          1%          1
b - Spider Form           Tmut/Pois      10%          6%          3
c - Ice Form              Ice/Tmut       23%          13%         4
d - Blade Hands           Tmut           13%          24%         5

Your spell library contained the following spells:

 Spells                   Type           Power        Failure   Level
 Wereblood                Tmut           26%          1%          2
 Ensorcelled Hibernation  Hex/Ice        24%          9%          2
 Corona                   Hex            4%           16%         1
 Confusing Touch          Hex            4%           41%         3
 Dazzling Flash           Conj/Hex       8%           41%         3
 Tukima's Dance           Hex            4%           41%         3


Dungeon Overview and Level Annotations

Branches:
Dungeon (9/15)             Temple (1/1) D:5            Lair (0/6) D:8
    Orc: D:9-12

Altars:
Ashenzari
Cheibriados
Dithmenos
Elyvilon
Fedhas
Gozag
Hepliaklqana
Kikubaaqudgha
Makhleb
Nemelex Xobeh
Okawaru
Qazlal
Ru
Sif Muna
Trog
Uskayaw
Vehumet
Wu Jian
Xom
Yredelemnul
Zin
The Shining One

Shops:
D:5 *   D:7 }

Annotations:
D:5 2 transporters, kae's ghost, novice OpTm


Innate Abilities, Weirdness & Mutations

You cannot wear most types of armour.
You are very stealthy in the water. (Stealth+)
You are amphibious.
You can wear up to eight rings at the same time.
((You can use your tentacles to constrict eight enemies at once.))
((Your skin changes colour to match your surroundings (Stealth+).))
((Your rubbery body absorbs attacks. (AC +1, EV +1)))


Message History

The Council accepts your kill.
Items here: ! $ )) [[ †.
You lunge at the two-headed ogre.
You hit the two-headed ogre. You freeze the two-headed ogre.
The two-headed ogre is lightly wounded.
The two-headed ogre hits you with a +0 giant spiked club!!
The two-headed ogre barely misses you.
You see here a +1 whip of electrocution.
You punch the two-headed ogre! You freeze the two-headed ogre.
The two-headed ogre is heavily wounded.
The two-headed ogre hits you with a +0 giant spiked club!
The two-headed ogre hits you with a +0 giant club!
You punch the two-headed ogre! You freeze the two-headed ogre.
The two-headed ogre is heavily wounded.
You hit the two-headed ogre. You freeze the two-headed ogre.
The two-headed ogre is severely wounded.
The two-headed ogre hits you with a +0 giant spiked club!!
* * * LOW HITPOINT WARNING * * *
The two-headed ogre hits you with a +0 giant club!
You die...

##..##..### #..##..####
###..####.# . ##..# #.#
.. #..## #.# ... #.##
#.# .... #.# #.# .....
.###.######.######......
.............)))YO......
##################......
..... .... ... .. .


You could see a two-headed ogre.

Vanquished Creatures
  A centaur warrior (D:8)
  A hornet (D:9)
  A vampire (D:9)
  An orc warrior (D:6)
  2 sky beasts (D:8)
  3 ice beasts
  3 phantoms
  9 ogres
  5 centaurs
  2 big kobolds
  4 bullfrogs
  A wyvern zombie (D:9)
  8 scorpions
  5 killer bees (D:7)
  8 wights
  A bullfrog zombie (D:7)
  5 hounds
  A jelly (D:7)
  2 iguanas
  3 orc priests
  A centaur skeleton (D:8)
  3 bullfrog skeletons
  4 orc wizards
  Ijyb (D:5)
  10 worker ants
  A killer bee zombie (D:8)
  2 hound zombies
  2 worker ant zombies
  3 adders
  6 gnolls
  A howler monkey skeleton (D:7)
  2 white imps
  An ufetubus (D:7)
  An adder zombie (D:7)
  An adder skeleton (D:7)
  4 dart slugs
  2 worms (D:3)
  9 leopard geckos
  26 orcs
  A ball python (D:3)
  11 bats
  6 giant cockroaches
  11 goblins
  9 hobgoblins
  19 jackals
  3 quokkas
  4 frilled lizards
  A jackal zombie (D:9)
  18 kobolds
  3 leopard gecko skeletons (D:4)
  A quokka skeleton (D:5)
  A quokka zombie (D:6)
  5 rats (D:3)
239 creatures vanquished.

Vanquished Creatures (others)
  38 plants
38 creatures vanquished.

Grand Total: 277 creatures vanquished

Notes
Turn   | Place    | Note
-------+----------+-------------------------------------------
     0 | D:1      | kae the Octopode Transmuter began the quest for the Orb.
     0 | D:1      | Reached XP level 1. HP: 13/13 MP: 3/3
   304 | D:1      | Reached XP level 2. HP: 18/18 MP: 5/5
   765 | D:1      | Reached XP level 3. HP: 17/23 MP: 4/6
   769 | D:1      | Learned a level 3 spell: Spider Form
  1801 | D:2      | Reached XP level 4. HP: 28/28 MP: 7/7
  2091 | D:3      | Reached skill level 1 in Poison Magic
  2189 | D:3      | Found a shimmering altar of Xom.
  2841 | D:3      | Reached skill level 4 in Unarmed Combat
  3289 | D:3      | Reached XP level 5. HP: 25/33 MP: 4/9
  3891 | D:4      | Reached XP level 6. HP: 14/38 MP: 3/10
  5057 | D:5      | Entered Level 5 of the Dungeon
  5249 | D:5      | Learned a level 4 spell: Ice Form
  5255 | D:5      | Learned a level 5 spell: Blade Hands
  5263 | D:5      | Reached XP level 7. HP: 27/43 MP: 9/13
  5491 | D:5      | Reached skill level 1 in Ice Magic
  5951 | D:5      | Reached skill level 5 in Transmutations
  6243 | D:5      | Found a staircase to the Ecumenical Temple.
  6257 | D:5      | Reached skill level 5 in Unarmed Combat
  6263 | Temple   | Entered the Ecumenical Temple
  6466 | D:5      | Noticed kae's ghost (novice OpTm)
  6494 | D:5      | Reached XP level 8. HP: 41/48 MP: 9/14
  6576 | D:5      | Found a transporter.
  6577 | D:5      | Found a transporter.
  6611 | D:5      | Noticed Ijyb
  6622 | D:5      | Killed Ijyb
  6750 | D:5      | Found Itamew's General Store.
  6764 | D:5      | Found a shimmering blue altar of Sif Muna.
  6773 | D:5      | Found a radiant altar of Vehumet.
  6816 | D:5      | Identified the cursed +0 scale mail of Insatiable Hunger
                  | {rF+ Dex+2}
  7051 | D:5      | Bought a scroll of identify for 28 gold pieces
  7296 | D:6      | Reached skill level 6 in Unarmed Combat
  8447 | D:6      | Reached XP level 9. HP: 53/53 MP: 13/16
  9109 | D:7      | Reached skill level 5 in Ice Magic
  9226 | D:7      | Reached skill level 7 in Unarmed Combat
  9226 | D:7      | Reached skill level 5 in Spellcasting
  9688 | D:7      | Found Filutyu's Gadget Emporium.
 10283 | D:7      | Reached skill level 8 in Unarmed Combat
 10935 | D:8      | Reached skill level 9 in Unarmed Combat
 11052 | D:8      | Found an opulent altar of Gozag.
 11052 | D:8      | Found a broken altar of Ashenzari.
 11060 | D:8      | Found a hazy altar of Hepliaklqana.
 11060 | D:8      | Found an ornate altar of the Wu Jian Council.
 11068 | D:8      | Became a worshipper of the Wu Jian Council
 11201 | D:8      | Reached XP level 10. HP: 50/59 MP: 11/17
 11491 | D:8      | Reached skill level 10 in Unarmed Combat
 11924 | D:8      | Noticed a centaur warrior
 11992 | D:8      | Killed a centaur warrior
 12382 | D:8      | Found a staircase to the Lair.
 12768 | D:9      | Reached skill level 5 in Dodging
 13179 | D:9      | Reached * piety under Wu Jian
 13180 | D:9      | Reached skill level 5 in Fighting
 13518 | D:9      | Noticed a two-headed ogre
 13527 | D:9      | Slain by a two-headed ogre

Illustrated notes

Levels and vault maps discovered:
D:1:      lightli_molten_gateway, layout_loops_ring,
          hangedman_decor_clover_reticule
D:2:      layout_loops_ring, serial_bayou, serial_bayou_lagoon_a,
          serial_bayou_pond_a, serial_bayou_ford_a, serial_bayou_pond_e,
          grunt_ministairs_10
D:3:      minmay_general_purpose_star, layout_rooms, kennysheep_flooded_box,
          chequers_serial_rivers_large_a
D:4:      layout_loops_ring
D:5:      layout_cave_pools, minitemple, minmay_temple_entry_glassed_door,
          gammafunk_ghost_gnarly_gnolls, corexii_shack,
          kennysheep_windowed_goal, uniq_ijyb
D:6:      layout_rooms
D:7:      layout_loops_corners, serial_shops, shop
D:8:      kennysheep_windowed_halls, layout_loops_corners,
          grunt_temple_overflow_cloverleaf, lair_entry_dummy,
          minmay_crystal_water
D:9:      minmay_bloctagon, layout_small_grid, hangedman_little_slice_of_home,
          uniq_joseph, uniq_erica
Temple:   regret_index_temple_sphere_string

Skill      XL: |  1  2  3  4  5  6  7  8  9 10 |
---------------+-------------------------------+-----
Poison Magic   | 2 3 |  3.0
Unarmed Combat | 4 5 6 9 10 | 10.0
Transmutations | 3 4 5 7 |  7.0
Spellcasting   | 3 4 5 |  5.0
Ice Magic      | 3 4 5 |  5.0
Fighting       | 5 |  5.0
Dodging        | 5 |  5.4

Action                   |  1- 3 |  4- 6 |  7- 9 | 10-12 || total
-------------------------+-------+-------+-------+-------++-------
Melee: Unarmed           |    90 |   156 |   338 |   115 ||   699
       Constrict         |    29 |    35 |    12 |     2 ||    78
       Tentacles         |    12 |    17 |    12 |     2 ||    43
       Kick              |    14 |    27 |    10 |       ||    51
       Punch             |     3 |     3 |     1 |       ||     7
 Cast: Beastly Appendage |    22 |    30 |     9 |       ||    61
       Spider Form       |       |     7 |    22 |       ||    29
       Ice Form          |       |       |    19 |    13 ||    32
Invok: Lunge             |       |       |     1 |     7 ||     8
Evoke: Wand              |       |       |       |     3 ||     3
  Use: Scroll            |       |    13 |     4 |     1 ||    18
       Potion            |       |     1 |       |     1 ||     2
 Stab: Sleeping          |     6 |     4 |     1 |       ||    11
       Paralysed         |       |       |       |     1 ||     1
Armor: Skin              |    14 |     5 |    34 |    21 ||    74
Dodge: Dodged            |    51 |    96 |   229 |    45 ||   421

Table legend: (Time is in decaauts)
 A = Elapsed time spent in this place.
 B = Non-inter-level travel time spent in this place.
 C = Inter-level travel time spent in this place.
 D = Time resting spent in this place.
 E = Time spent auto-exploring this place.
 F = Levels seen in this place.
 G = Mean time per level.
                   A        B        C        D        E       F      G
               +--------+--------+--------+--------+--------+-----+--------+
         Total |  13456 |  13146 |    310 |   3050 |   8229 |  10 | 1345.6 |
       Dungeon |  13308 |  13006 |    302 |   3050 |   8090 |   9 | 1478.7 |
        Temple |    147 |    139 |      8 |      0 |    139 |   1 |  147.0 |
               +--------+--------+--------+--------+--------+-----+--------+

Top non-repeatable levels by time:
     D:5: 2629 daAuts
     D:8: 2419 daAuts
     D:7: 1666 daAuts
     D:3: 1464 daAuts
     D:2: 1460 daAuts
     D:1: 1177 daAuts
     D:4: 1055 daAuts
     D:6: 802 daAuts
     D:9: 633 daAuts
  Temple: 147 daAuts
